 Dungeon Crawl Stone Soup version 0.26-a0-812-g31a745ddcd (webtiles) character file.

Game seed: 10291045794836147667

95 marklar909 the Insei (level 4, -3/36 HPs)
             Began as a Draconian Transmuter on Nov 14, 2020.
             Slain by an orc
             ... wielding a +0 whip of electrocution
              (9 damage)
             ... on level 3 of the Dungeon.
             The game lasted 00:02:40 (2386 turns).

marklar909 the Insei (Draconian Transmuter)         Turns: 2386, Time: 00:02:41

Health: -3/36      AC:  5    Str: 12    XL:     4   Next: 39%
Magic:  3/7        EV: 13    Int: 13    God:
Gold:   117        SH:  0    Dex: 13    Spells: 1/7 levels left

rFire    . . .     SeeInvis .     - Unarmed
rCold    . . .     Faith    .   (no shield)
rNeg     . . .     Spirit   .   (armour unavailable)
rPois    .         Reflect  .   (helmet currently unavailable)
rElec    .         Harm     .   g - scarf {repulsion}
rCorr    .         Rampage  .   (no gloves)
MR       .....                  (boots currently unavailable)
Stlth    +.........             (no amulet)
HPRegen  0.12/turn              (no ring)
MPRegen  0.10/turn              (no ring)

@: appendages (expiring), wereblooded, repel missiles
A: unfitting armour, horns 2, talons 2, cold-blooded, AC +5
a: End Transformation


You were on level 3 of the Dungeon.
You had grown temporary horns.
You had grown temporary talons.
You visited 1 branch of the dungeon, and saw 3 of its levels.

You collected 117 gold pieces.

Inventory:

Armour
 f - a +0 pair of boots (melded)
 g - a scarf of repulsion (worn)
 j - a +2 kite shield
Scrolls
 b - a scroll of enchant armour {unknown}
 d - 3 scrolls of identify {unknown}
 h - a scroll of blinking {unknown}
 k - a scroll of fog {unknown}
Potions
 a - 2 potions of curing {unknown}
 c - 2 potions of might {unknown}
 e - a potion of resistance {unknown}
 i - a potion of magic {unknown}


   Skills:
 * Level 1.9 Fighting
 * Level 2.6 Dodging
 + Level 0.2 Stealth
 + Level 3.9 Unarmed Combat
 - Level 2.2 Spellcasting
 + Level 2.3 Transmutations
 * Level 0.3 Poison Magic


You had one spell level left.
You knew the following spells:

 Your Spells              Type           Power        Failure   Level
a - Beastly Appendage     Tmut           #.....       10%         1
b - Wereblood             Tmut           #.......     14%         2
c - Spider Form           Tmut/Pois      #.........   41%         3

Your spell library contained the following spells:

 Spells                   Type           Power        Failure   Level
 Ice Form                 Ice/Tmut       #.......     83%         4
 Blade Hands              Tmut           #.........   95%         5


Dungeon Overview and Level Annotations

Branches:
Dungeon (3/15)

Altars:
Elyvilon
Gozag
Nemelex Xobeh

Annotations:
D:2 Sigmund


Innate Abilities, Weirdness & Mutations

Your plain brown scales are hard. (AC +5)
You cannot fit into any form of body armour.
You are cold-blooded and may be slowed by cold attacks.
You have a pair of horns on your head.
You have razor-sharp toenails.


Message History

You kill the adder!
The orc throws a boomerang.
The boomerang closely misses you.
The weapon returns to the orc!
The orc hits you but does no damage.
You hit the orc. Your kick misses the orc.
The orc is lightly wounded.
The orc barely misses you.
A leopard gecko comes into view.
The orc closely misses you.
The leopard gecko hisses angrily.
The orc throws a boomerang.
The boomerang closely misses you.
The weapon returns to the orc!
You hit the orc but do no damage.
You tail-slap the orc, but do no damage.
The orc hits you but does no damage.
You are electrocuted!!
Ouch! That really hurt!
* * * LOW HITPOINT WARNING * * *
You barely miss the orc. You claw the orc, but do no damage.
You howl as the wereblood boils in your veins!
The orc hits you but does no damage.
You are electrocuted!
You die...

#######
######.....#+#########
.....#.# #...>........
.....#.# #............
.....#.###...$........
.....#................
..>..#.#####+#†####...
###..#.....#.#o#####.#
#....###.#..oo@....#
####.### #.....#######
.....# #.###....
#...######...#.###
#.#.#....###.#.#
..#†##.#.# #.#$#
###.##...###.#l#
..(..'..('>..#..
#.#)##).(#####


You could see 3 orcs.

Vanquished Creatures
  3 adders
  A worm (D:2)
  3 dart slugs
  A leopard gecko (D:1)
  5 orcs (D:3)
  3 bats
  A giant cockroach (D:1)
  7 goblins
  5 hobgoblins
  7 jackals
  A quokka (D:2)
  3 frilled lizards (D:2)
  6 kobolds
  4 rats
50 creatures vanquished.

Notes
Turn   | Place    | Note
-------+----------+-------------------------------------------
     0 | D:1      | marklar909 the Draconian Transmuter began the quest for the
                  | Orb.
     0 | D:1      | Reached XP level 1. HP: 16/16 MP: 3/3
   234 | D:1      | Reached XP level 2. HP: 22/23 MP: 3/5
   308 | D:1      | Learned a level 2 spell: Wereblood
   948 | D:1      | Reached XP level 3. HP: 11/28 MP: 6/6
  1246 | D:2      | Found an opulent altar of Gozag.
  1502 | D:2      | Learned a level 3 spell: Spider Form
  1681 | D:2      | Found a white marble altar of Elyvilon.
  1692 | D:2      | Noticed Sigmund
  1982 | D:2      | Found an opulent altar of Gozag.
  2124 | D:3      | Reached XP level 4. HP: 35/35 MP: 5/7
  2242 | D:3      | Found a sparkling altar of Nemelex Xobeh.
  2386 | D:3      | Slain by an orc

Illustrated notes

Levels and vault maps discovered:
D:1:      dpeg_arrival_fog, layout_basic, st_stairs_9
D:2:      layout_basic, elyvilon_altar_3, grunt_gozag_statues,
          kennysheep_flooded_box, uniq_sigmund
D:3:      layout_basic, nemelex_xobeh_ov_fountains_minmay

Skill      XL: |  1  2 |
---------------+-------+-----
Dodging        | 2 |  2.6
Fighting       | |  1.9
Stealth        | |  0.2
Unarmed Combat | |  3.9
Spellcasting   | |  2.2
Transmutations | |  2.3
Poison Magic   | |  0.3

Action                   |  1- 3 |  4- 6 || total
-------------------------+-------+-------++-------
Melee: Unarmed           |   118 |    40 ||   158
       Kick              |    16 |     8 ||    24
       Headbutt          |     8 |     5 ||    13
       Tailslap          |     8 |     7 ||    15
       Punch             |     2 |       ||     2
 Cast: Beastly Appendage |    22 |     7 ||    29
       Wereblood         |       |     3 ||     3
Armor: Skin              |    32 |    13 ||    45
Dodge: Dodged            |    71 |    39 ||   110
       Repelled          |     1 |       ||     1

Table legend: (Time is in decaauts)
 A = Elapsed time spent in this place.
 B = Non-inter-level travel time spent in this place.
 C = Inter-level travel time spent in this place.
 D = Time resting spent in this place.
 E = Time spent auto-exploring this place.
 F = Levels seen in this place.
 G = Mean time per level.
                   A        B        C        D        E       F      G
               +--------+--------+--------+--------+--------+-----+--------+
         Total |   2378 |   2337 |     41 |    202 |   1744 |   3 |  792.7 |
       Dungeon |   2378 |   2337 |     41 |    202 |   1744 |   3 |  792.7 |
               +--------+--------+--------+--------+--------+-----+--------+

Top non-repeatable levels by time:
     D:1: 1402 daAuts
     D:2: 639 daAuts
     D:3: 336 daAuts
